[Event "Titled Tuesday Blitz January 10 Late 2023"]
[White "Aung Thant Zin"]
[Black "Lopez Idarraga, Daniel Eduardo"]
[WhiteFideId "13000063"]
[BlackFideId "4405501"]
[WhiteElo "2268"]
[BlackElo "2009"]
[Result "1-0"]
[Round "07"]
[TimeControl "180+2"]
[Date "2023.01.10"]
[WhiteClock "0:00:23"]
[BlackClock "0:00:42"]

1. e4 e6 2. d4 d5 3. Nc3 Nf6 4. Bg5 Bb4 5. e5 h6 6. Bd2 Bxc3 7. bxc3 Ne4 8. Bd3 Nxd2 9. Qxd2 c5 10. dxc5 Nd7 11. Nf3 Qc7 12. O-O Nxe5 13. Nxe5 Qxe5 14. Bb5+ Bd7 15. Bxd7+ Kxd7 16. Rab1 Qc7 17. Qd4 Ke7 18. Rfe1 Kf8 19. Re3 Kg8 20. Rg3 g6 21. h4 h5 22. c4 dxc4 23. Qxc4 Kh7 24. Qe4 Rab8 25. Rf3 Rhd8 26. g3 Kg8 27. Qe3 Rd5 28. Rb5 a6 29. Rb4 Qxc5 30. Qf4 Rf8 31. Rxb7 Rf5 32. Qe4 Rxf3 33. Qxf3 Qxc2 34. a3 a5 35. Kg2 a4 36. Rb4 Rd8 37. Rb7 Rf8 38. Rb4 e5 39. Qd5 Re8 40. Qb5 Re6 41. Qxa4 Qf5 42. Rb8+ Kg7 43. Qb4 e4 44. Qf8+ Kf6 45. Qh8+ Ke7 46. Qd8# 1-0


[Site "https://www.chess.com"]

[Event "Titled Tuesday Blitz January 10 Late 2023"]
[White "Mitrovic, Darko R"]
[Black "Rosenberg, Evan S"]
[WhiteFideId "927023"]
[BlackFideId "2019299"]
[WhiteElo "2220"]
[BlackElo "1956"]
[Result "0-1"]
[Round "07"]
[TimeControl "180+2"]
[Date "2023.01.10"]
[WhiteClock "0:00:02"]
[BlackClock "0:00:25"]

1. d4 d5 2. Nf3 Bf5 3. g3 Nf6 4. Bg2 c6 5. O-O h6 6. c4 e6 7. b3 Nbd7 8. Nc3 Be7 9. Ne5 Nxe5 10. dxe5 Nd7 11. cxd5 cxd5 12. f4 Bc5+ 13. Kh1 Rc8 14. Na4 Bb4 15. a3 Bc2 16. Qd4 Bc5 17. Nxc5 Nxc5 18. Be3 Nxb3 19. Qa4+ Qd7 20. Qxd7+ Kxd7 21. Ra2 b6 22. Rb2 Rc3 23. Bf2 Rhc8 24. Re1 Na5 25. Bd4 R3c4 26. e3 Be4 27. Bxe4 dxe4 28. Reb1 Rc1+ 29. Rxc1 Rxc1+ 30. Kg2 Nc4 31. Ra2 Kc6 32. a4 Kd5 33. g4 Rd1 34. Kf2 Rd2+ 35. Rxd2 Nxd2 36. a5 Nc4 37. axb6 axb6 38. Ke2 b5 39. Kd1 Na5 40. Kc2 Nc6 41. Bb2 Nb4+ 42. Kb3 Nd3 43. Bd4 Nxf4 44. exf4 Kxd4 45. Kb4 e3 46. Kxb5 e2 47. Kc6 e1=Q 48. Kd6 Qe4 49. Ke7 Qxf4 50. Kf8 Kxe5 51. Kxg7 Qg5+ 52. Kxf7 Qxg4 53. Ke8 Qg7 54. h4 Kd6 55. h5 Qe7# 0-1


[Site "https://www.chess.com"]

[Event "Titled Tuesday Blitz January 10 Late 2023"]
[White "Rodrigues, Leonardo De Miranda"]
[Black "Lopez Del Alamo, Antonio"]
[WhiteFideId "2108658"]
[BlackFideId "2227339"]
[WhiteElo "2112"]
[BlackElo "2280"]
[Result "0-1"]
[Round "07"]
[TimeControl "180+2"]
[Date "2023.01.10"]
[WhiteClock "0:00:01"]
[BlackClock "0:01:29"]

1. e4 c5 2. Nc3 e6 3. Nf3 Nc6 4. d4 cxd4 5. Nxd4 Nf6 6. Be2 Bb4 7. O-O Bxc3 8. bxc3 Nxe4 9. Qd3 d5 10. Rb1 a6 11. Bf4 O-O 12. Rfd1 Qa5 13. Nxc6 bxc6 14. Be5 f6 15. Bd4 c5 16. f3 Nd6 17. Bf2 Bd7 18. Qe3 Rfc8 19. c4 d4 20. Qd2 Qxd2 21. Rxd2 Rab8 22. Rb3 e5 23. Bd3 Be6 24. g3 Bxc4 25. Ra3 Bb5 26. f4 e4 27. Bxb5 axb5 28. Rd1 f5 29. Ra6 Nc4 30. Kg2 Ra8 31. Rxa8 Rxa8 32. Ra1 Ra3 0-1


[Site "https://www.chess.com"]

[Event "Titled Tuesday Blitz January 10 Late 2023"]
[White "Santos Flores, Alberto"]
[Black "Soyunlu, Narmin"]
[WhiteFideId "3601234"]
[BlackFideId "13400843"]
[WhiteElo "2164"]
[BlackElo "2013"]
[Result "1-0"]
[Round "07"]
[TimeControl "180+2"]
[Date "2023.01.10"]
[WhiteClock "0:01:05"]
[BlackClock "0:00:07"]

1. e4 e5 2. Nf3 Nc6 3. Bc4 Bc5 4. c3 Nf6 5. d3 a6 6. O-O h6 7. Nbd2 Ba7 8. a4 d6 9. Re1 O-O 10. h3 Be6 11. Ba2 Bxa2 12. Rxa2 Qd7 13. Nf1 d5 14. Ng3 dxe4 15. dxe4 Qxd1 16. Rxd1 Rfd8 17. Bd2 Na5 18. b4 Nc4 19. Raa1 Rd3 20. Be1 Rad8 21. Rxd3 Rxd3 22. Kf1 Kf8 23. Ke2 Rd7 24. Rd1 Rxd1 25. Kxd1 g6 26. Ke2 Nd7 27. Kd3 Nb2+ 28. Kc2 Nxa4 29. Nd2 Nab6 30. f3 Ke7 31. Bf2 Bb8 32. Be3 h5 33. Ne2 Ke6 34. Kd3 Na4 35. Nb3 Kd6 36. Na5 b6 37. Nc4+ Ke6 38. Bd2 c5 39. Ne3 b5 40. Nd5 cxb4 41. cxb4 Nab6 42. Nec3 Nxd5 43. Nxd5 Bd6 44. Be3 Nb8 45. Kc3 Nc6 46. Kb3 a5 47. bxa5 Nxa5+ 48. Kc2 b4 49. Bd2 Nc6 50. Kb3 Nd4+ 51. Kc4 Nc2 52. Nxb4 Nxb4 53. Bxb4 Bxb4 54. Kxb4 f5 55. Kc5 fxe4 56. fxe4 Kf6 57. h4 Ke6 58. Kc6 Ke7 59. Kd5 Kf6 60. Kd6 g5 61. g3 gxh4 62. gxh4 Kf7 63. Kxe5 Ke7 64. Kf5 Kf7 65. Kg5 Ke6 66. Kxh5 Ke5 67. Kg6 Kxe4 68. h5 Ke5 69. h6 Ke6 70. h7 1-0


[Site "https://www.chess.com"]

[Event "Titled Tuesday Blitz January 10 Late 2023"]
[White "Reprintsev, Alexander"]
[Black "Jodorcovsky Werjivker, Paulo"]
[WhiteFideId "14100541"]
[BlackFideId "3700305"]
[WhiteElo "2253"]
[BlackElo "2182"]
[Result "1-0"]
[Round "07"]
[TimeControl "180+2"]
[Date "2023.01.10"]
[WhiteClock "0:00:10"]
[BlackClock "0:00:04"]

1. e4 e5 2. f4 d5 3. exd5 c6 4. Qe2 cxd5 5. fxe5 Nc6 6. Nf3 Bg4 7. c3 d4 8. Qe4 Bxf3 9. gxf3 Bc5 10. b4 Bb6 11. b5 Nce7 12. Bb2 dxc3 13. Nxc3 Nh6 14. O-O-O Nhf5 15. Bh3 Nd4 16. Rhg1 O-O 17. Rg4 Ng6 18. f4 f5 19. exf6 Rxf6 20. Nd5 Re6 21. Qg2 Re2 22. Qh1 Qc8+ 23. Nc3 Qf5 24. Qd5+ Qxd5 25. Nxd5 Rc8+ 26. Kb1 Rc5 27. Nc3 Re8 28. Rdg1 Nf3 29. R1g2 Re1+ 30. Kc2 Nd4+ 31. Kd3 Ne6 32. Ba3 Nexf4+ 33. Kc2 Rxc3+ 34. dxc3 Nxh3 35. Rc4 Re8 36. Bc5 Nhf4 37. Rg4 Re2+ 38. Kc1 Bxc5 39. Rxc5 Nd3+ 40. Kd1 Re1+ 41. Kd2 Nxc5 42. Kxe1 Ne6 43. Ra4 Ngf4 44. Rxa7 Nd3+ 45. Kd2 Ndc5 46. a4 Kf7 47. a5 Kf6 48. c4 Ke5 49. Ra8 Kd4 50. a6 bxa6 51. bxa6 Nc7 52. Rd8+ Kxc4 53. a7 Nb7 54. Rd7 Nb5 55. Rxb7 Nxa7 56. Rxa7 g5 57. Rxh7 1-0


[Site "https://www.chess.com"]

[Event "Titled Tuesday Blitz January 10 Late 2023"]
[White "Gerbelli Neto, Eduardo"]
[Black "Bulgurlu, Okan"]
[WhiteFideId "2103281"]
[BlackFideId "6352316"]
[WhiteElo "2114"]
[BlackElo "1908"]
[Result "1-0"]
[Round "07"]
[TimeControl "180+2"]
[Date "2023.01.10"]
[WhiteClock "0:00:17"]
[BlackClock "0:00:07"]

1. e4 c5 2. Nc3 d6 3. f4 e6 4. Nf3 Nc6 5. Bb5 g6 6. O-O Bg7 7. d3 Ne7 8. Qe1 O-O 9. Qh4 d5 10. f5 exf5 11. Bh6 dxe4 12. dxe4 Nd4 13. Bxg7 Nxf3+ 14. Rxf3 Kxg7 15. Rd1 Qc7 16. Nd5 Nxd5 17. exd5 Qd6 18. Rh3 h5 19. Re3 a6 20. Be2 Bd7 21. Qe7 Qf4 22. g3 Qh6 23. Re5 Rae8 24. Qd6 Rxe5 25. Qxe5+ Kg8 26. Bf3 Re8 27. Qd6 Qe3+ 28. Kg2 Bb5 29. Qf4 Qxf4 30. gxf4 Kf8 31. d6 Be2 32. d7 Bxf3+ 33. Kxf3 Rd8 34. Rd5 Ke7 35. Rxc5 Rxd7 36. Ke3 Kd6 37. Rc3 Re7+ 38. Kf3 Rc7 39. Rxc7 Kxc7 40. Ke3 Kc6 41. Kd4 Kd6 42. h4 f6 43. c4 b6 44. b4 Kc6 45. a4 Kd6 46. a5 bxa5 47. bxa5 Kc6 48. c5 g5 49. fxg5 fxg5 50. hxg5 h4 51. g6 h3 52. g7 h2 53. g8=Q h1=Q 54. Qe6+ Kb5 55. Qb6+ Ka4 56. c6 Qg1+ 57. Ke5 Qe1+ 58. Kxf5 Qf1+ 59. Ke5 Qe2+ 60. Kd6 Qd3+ 61. Ke5 Qg3+ 62. Kd5 Qg5+ 63. Kd6 Qf6+ 64. Kc7 Qe7+ 65. Kb8 Qf8+ 66. Kb7 Qe7+ 67. c7 Qb4 68. Qxb4+ Kxb4 69. c8=Q Kxa5 70. Qc6 Kb4 71. Qxa6 1-0


[Site "https://www.chess.com"]

[Event "Titled Tuesday Blitz January 10 Late 2023"]
[White "Abdyzhaparov, Aidar"]
[Black "Kovacevic, Radmila"]
[WhiteFideId "13800361"]
[BlackFideId "933171"]
[WhiteElo "1978"]
[BlackElo "2106"]
[Result "1-0"]
[Round "07"]
[TimeControl "180+2"]
[Date "2023.01.10"]
[WhiteClock "0:01:59"]
[BlackClock "0:01:17"]

1. Nf3 d5 2. c4 c6 3. d4 Bg4 4. Ne5 Be6 5. Qb3 b6 6. Nc3 dxc4 7. Qd1 f6 8. Nf3 Bg4 9. e4 Bxf3 10. Qxf3 Qxd4 11. Be3 Qd7 12. Bxc4 e5 13. Rd1 Qc7 14. Be6 Bb4 15. O-O Bxc3 16. bxc3 Qe7 17. Qh3 c5 18. Bd5 1-0


[Site "https://www.chess.com"]

[Event "Titled Tuesday Blitz January 10 Late 2023"]
[White "Harish, Neeraj"]
[Black "Rose, Felix"]
[WhiteFideId "30958130"]
[BlackFideId "5105722"]
[WhiteElo "2232"]
[BlackElo "2091"]
[Result "0-1"]
[Round "07"]
[TimeControl "180+2"]
[Date "2023.01.10"]
[WhiteClock "0:00:07"]
[BlackClock "0:00:05"]

1. e4 c5 2. Nf3 e6 3. d4 cxd4 4. Nxd4 a6 5. Bd3 Bc5 6. Nb3 Ba7 7. Nc3 Nc6 8. Qe2 b5 9. Be3 Bb7 10. O-O-O Bxe3+ 11. Qxe3 Nge7 12. h4 Qc7 13. Bxb5 axb5 14. Nxb5 Qb8 15. Nd6+ Kf8 16. Nc5 Bc8 17. Nxc8 Qxc8 18. Nxd7+ Kg8 19. Kb1 Nb4 20. Qb3 Rxa2 21. Nb6 Qe8 22. Qxb4 Ra6 23. Rd7 h5 24. Rxe7 Qb8 25. Nd5 Qa8 26. c3 exd5 27. Rd1 Ra1+ 28. Kc2 Rxd1 29. Kxd1 dxe4 30. Qc4 Qd8+ 31. Kc2 Qxe7 32. Qc8+ Kh7 33. Qf5+ g6 0-1


[Site "https://www.chess.com"]

[Event "Titled Tuesday Blitz January 10 Late 2023"]
[White "Adel, Sara"]
[Black "Guimaraes, Wagner Peixoto"]
[WhiteFideId "10616764"]
[BlackFideId "2100940"]
[WhiteElo "1739"]
[BlackElo "2194"]
[Result "0-1"]
[Round "07"]
[TimeControl "180+2"]
[Date "2023.01.10"]
[WhiteClock "0:01:37"]
[BlackClock "0:01:14"]

1. e4 c5 2. Nc3 d6 3. f4 g6 4. Nf3 e6 5. Bc4 Bg7 6. O-O Ne7 7. Qe1 Nbc6 8. d3 a6 9. a4 Nb4 10. Qf2 Bd7 11. Ng5 Bd4 12. Be3 Bxe3 13. Qxe3 Nxc2 14. Qh3 Nxa1 15. f5 Nxf5 16. Nxh7 Qh4 17. exf5 Qxh3 18. Nf6+ Ke7 19. gxh3 gxf5 20. Nxd7 Rag8+ 21. Kf2 Nc2 22. Nb6 Rxh3 23. Rh1 Nd4 24. Ne2 Nxe2 25. Kxe2 Rg2+ 26. Kd1 Rxb2 27. Re1 Rxb6 0-1


[Site "https://www.chess.com"]

[Event "Titled Tuesday Blitz January 10 Late 2023"]
[White "ritanovikova"]
[Black "Weisz, Bryan"]
[BlackFideId "30934133"]
[WhiteElo "2115"]
[BlackElo "1973"]
[Result "0-1"]
[Round "07"]
[TimeControl "180+2"]
[Date "2023.01.10"]
[WhiteClock "0:00:13"]
[BlackClock "0:00:25"]

1. d4 f6 2. Bf4 Kf7 3. e4 Ke6 4. Bc4+ d5 5. Bxd5+ Kd7 6. Nc3 Ke8 7. Nf3 e6 8. Bc4 Nc6 9. d5 e5 10. Be3 Nb8 11. Nxe5 Ne7 12. Nf3 Ng6 13. Qd2 Bd6 14. h4 h5 15. Bd3 Bg4 16. Nd4 Ne5 17. f3 Bd7 18. Bf2 Na6 19. Bxa6 bxa6 20. Ne6 Bxe6 21. dxe6 Qe7 22. Qd5 c6 23. Qb3 Rb8 24. Qa4 Qxe6 25. f4 Rb4 26. Qxa6 Ng4 27. Qxc6+ Kf7 28. O-O Bxf4 29. Bc5 Qxc6 30. Bxb4 Qb6+ 31. Kh1 Nf2+ 32. Rxf2 Qxf2 33. Nd5 Qxh4+ 34. Kg1 Qh2+ 35. Kf1 Qh1+ 36. Ke2 Qxa1 37. Bc3 Qxa2 38. Nxf4 Re8 39. Kf3 Qc4 0-1


[Site "https://www.chess.com"]

[Event "Titled Tuesday Blitz January 10 Late 2023"]
[White "Vaglio Munoz, Jaime"]
[Black "Kho, Darrell"]
[WhiteFideId "6500145"]
[BlackFideId "1019317"]
[WhiteElo "2174"]
[BlackElo "2075"]
[Result "1-0"]
[Round "07"]
[TimeControl "180+2"]
[Date "2023.01.10"]
[WhiteClock "0:00:43"]
[BlackClock "0:00:02"]

1. d4 d5 2. c4 e6 3. Nc3 a6 4. e4 dxe4 5. Nxe4 Bb4+ 6. Nc3 c5 7. Be3 Nc6 8. dxc5 Qxd1+ 9. Rxd1 Bxc3+ 10. bxc3 e5 11. Nf3 Nf6 12. h3 h6 13. g4 Ne4 14. Rc1 Be6 15. Bd3 Nf6 16. Be2 Nd7 17. Nd2 Na5 18. f3 Ke7 19. Rb1 Rab8 20. Kf2 Rhc8 21. h4 Nxc5 22. g5 h5 23. g6 Na4 24. Rhc1 Nxc4 25. gxf7 Nxe3 26. Kxe3 Nxc3 27. Ra1 Nxe2 28. Kxe2 Kxf7 29. Ne4 Ke7 30. Rg1 Kf8 31. Rg5 Rc2+ 32. Ke3 Rd8 33. Rag1 Bc4 34. Rxe5 Rd3+ 35. Kf4 1-0


[Site "https://www.chess.com"]

[Event "Titled Tuesday Blitz January 10 Late 2023"]
[White "Jenkins, Drake"]
[Black "Thomas, Anysia"]
[WhiteFideId "2022397"]
[BlackFideId "670472"]
[WhiteElo "2130"]
[BlackElo "2147"]
[Result "1-0"]
[Round "07"]
[TimeControl "180+2"]
[Date "2023.01.10"]
[WhiteClock "0:00:09"]
[BlackClock "0:00:08"]

1. Nf3 g6 2. c4 c5 3. Nc3 Nc6 4. g3 Bg7 5. Bg2 Nf6 6. d4 cxd4 7. Nxd4 Nxd4 8. Qxd4 O-O 9. O-O d6 10. Qd3 Rb8 11. Be3 b6 12. Nb5 Qd7 13. Rac1 Bb7 14. f3 Ba8 15. Rfd1 Rfd8 16. Qa3 a5 17. Nc3 Rdc8 18. Na4 Qc6 19. b4 axb4 20. Qxb4 Nd7 21. Qb5 Nc5 22. Qxc6 Bxc6 23. Nc3 Na4 24. Nd5 Kf8 25. f4 Nc5 26. Rb1 Bxd5 27. Bxd5 e6 28. Bf3 Ke7 29. Kf2 Bf6 30. Rd2 Bc3 31. Rc2 Bg7 32. Rd1 Na4 33. g4 Rc7 34. Rb1 Rbc8 35. Rb4 Nc5 36. Rxb6 h6 37. Rb5 Na4 38. Rb4 Nc5 39. h4 Na6 40. Ra4 Nc5 41. Ra5 Nb7 42. Ra7 Bf6 43. Rxb7 Rxb7 44. Bxb7 Rb8 45. Be4 Bxh4+ 46. Kf3 Rc8 47. c5 dxc5 48. Rxc5 Ke8 49. Rxc8+ Kd7 50. Ra8 Be7 51. Ra7+ Kd6 52. Bc5+ Kxc5 53. Rxe7 Kd4 54. Rxf7 Kc3 55. Rf6 Kb2 56. Rxe6 Ka1 57. Rxg6 Kxa2 58. Rxh6 Ka1 59. Rd6 Kb2 60. Rd5 Ka2 61. g5 Kb2 62. g6 Ka1 63. g7 1-0


[Site "https://www.chess.com"]

[Event "Titled Tuesday Blitz January 10 Late 2023"]
[White "ajedrez-facil"]
[Black "De Souza, Cristiano Gomes"]
[BlackFideId "2151758"]
[WhiteElo "2127"]
[BlackElo "2018"]
[Result "1/2-1/2"]
[Round "07"]
[TimeControl "180+2"]
[Date "2023.01.10"]
[WhiteClock "0:00:25"]
[BlackClock "0:00:49"]

1. e4 c5 2. Nf3 d6 3. d4 cxd4 4. Qxd4 Nc6 5. Bb5 Qa5+ 6. Nc3 Qxb5 7. Nxb5 Nxd4 8. Nfxd4 Kd8 9. c4 a6 10. Nc3 g6 11. Be3 Bg7 12. Rd1 Nf6 13. f3 Bd7 14. Kf2 Rc8 15. b3 e6 16. Nde2 Ke7 17. Rd2 Bc6 18. Rhd1 Rhd8 19. g4 Ne8 20. Bg5+ Bf6 21. h4 Rd7 22. Nd4 Rcd8 23. Ke3 Nc7 24. f4 Bxg5 25. hxg5 d5 26. Nxc6+ bxc6 27. e5 c5 28. Kf3 dxc4 29. Rxd7+ Rxd7 30. Rxd7+ Kxd7 31. bxc4 Na8 32. Ne4 Kc6 33. Nd6 Nb6 34. Ke4 Kd7 35. Kd3 Ke7 36. Ne4 Nd7 37. Nf6 Nxf6 38. gxf6+ Kd7 39. g5 Kc6 40. Kc3 Kb6 41. Kb3 Ka5 42. Ka3 Kb6 43. Ka4 a5 44. Kb3 Ka6 45. Kc3 Kb6 46. Kd3 Kc6 47. Ke4 Kb6 48. Ke3 Kc6 49. a3 a4 50. Kf3 Kd7 51. Kg4 Kc6 52. Kh4 Kd7 53. Kh3 Kc6 54. Kg3 Kb6 55. Kh4 Kc6 56. Kg3 Kd7 57. Kf3 Kc6 58. Kg4 Kd7 59. Kh4 Kc6 60. Kg4 Kd7 61. Kh4 Kc6 1/2-1/2


[Site "https://www.chess.com"]

[Event "Titled Tuesday Blitz January 10 Late 2023"]
[White "Sabar, Ethmane Daouda"]
[Black "Almedina Ortiz, Edgardo J."]
[WhiteFideId "19600097"]
[BlackFideId "3100197"]
[WhiteElo "2040"]
[BlackElo "2156"]
[Result "0-1"]
[Round "07"]
[TimeControl "180+2"]
[Date "2023.01.10"]
[WhiteClock "0:00:10"]
[BlackClock "0:00:05"]

1. d4 Nf6 2. Nc3 d5 3. Bf4 c5 4. e3 cxd4 5. exd4 Bg4 6. f3 Bd7 7. Nge2 e6 8. g4 Qb6 9. Qd2 Bd6 10. Bg2 Bxf4 11. Nxf4 Nc6 12. Nce2 g6 13. c3 Na5 14. b3 Bb5 15. Nd3 Bxd3 16. Qxd3 O-O 17. h4 Rac8 18. h5 Nc6 19. Qe3 e5 20. hxg6 fxg6 21. g5 Nh5 22. Bh3 Rce8 23. Qd2 exd4 24. O-O-O Rxf3 25. Bg4 Rf2 26. Bxh5 gxh5 27. Rde1 d3 28. Qxd3 Qe3+ 29. Qxe3 Rxe3 30. Nd4 Rxc3+ 31. Kb1 Nxd4 32. Rhf1 Rxf1 33. Rxf1 Rf3 34. Rd1 Ne6 35. Rxd5 Kg7 36. Rd7+ Kg6 37. Rxb7 a5 38. Ra7 Nxg5 39. Rxa5 h4 40. Ra6+ Kh5 41. Ra4 h3 42. Rf4 Rxf4 43. Kb2 h2 44. Ka3 h1=Q 0-1


[Site "https://www.chess.com"]

[Event "Titled Tuesday Blitz January 10 Late 2023"]
[White "Dias, Joao Batista"]
[Black "Papp, Petra"]
[WhiteFideId "2108240"]
[BlackFideId "739049"]
[WhiteElo "1796"]
[BlackElo "2343"]
[Result "0-1"]
[Round "07"]
[TimeControl "180+2"]
[Date "2023.01.10"]
[WhiteClock "0:02:20"]
[BlackClock "0:01:14"]

1. e4 c5 2. Nf3 d6 3. d4 cxd4 4. Nxd4 Nf6 5. Nc3 a6 6. Be3 e5 7. Nb3 Be7 8. Be2 O-O 9. g4 b5 10. g5 Nfd7 11. h4 Bb7 12. f3 Nb6 13. Qd2 b4 14. Bxb6 bxc3 15. Qxc3 Qxb6 16. O-O-O Nc6 17. Bc4 a5 18. Bd5 a4 19. Nd2 Rfc8 20. a3 Nd4 21. Nc4 Bxd5 22. exd5 Qb5 23. b3 axb3 24. cxb3 Nxb3+ 0-1


[Site "https://www.chess.com"]

[Event "Titled Tuesday Blitz January 10 Late 2023"]
[White "Lutz, Igor Oscar"]
[Black "Sailer, Mike"]
[WhiteFideId "2110806"]
[BlackFideId "2012901"]
[WhiteElo "1969"]
[BlackElo "2109"]
[Result "0-1"]
[Round "07"]
[TimeControl "180+2"]
[Date "2023.01.10"]
[WhiteClock "0:00:07"]
[BlackClock "0:00:10"]

1. d4 d5 2. c4 Bf5 3. Qb3 e5 4. dxe5 Nc6 5. Nf3 Bb4+ 6. Bd2 a5 7. cxd5 a4 8. Qc4 Bxb1 9. Bxb4 Nxb4 10. Rxb1 Nxd5 11. Rd1 c6 12. e4 Qa5+ 13. Nd2 Nb6 14. Qc3 Ne7 15. Be2 O-O 16. Qxa5 Rxa5 17. f4 Ng6 18. g3 a3 19. b3 Rc5 20. Kf2 Rc2 21. Nc4 Nxc4 22. bxc4 Rxa2 23. Ke3 Ra8 24. Ra1 Rxa1 25. Rxa1 Nf8 26. Kd4 Ne6+ 27. Kc3 c5 28. Kb3 Nd4+ 29. Kc3 Nxe2+ 30. Kd3 Nd4 31. f5 a2 32. e6 fxe6 33. fxe6 Nb3 34. Ke3 Nxa1 0-1


[Site "https://www.chess.com"]

[Event "Titled Tuesday Blitz January 10 Late 2023"]
[White "Ali, Kairi G."]
[Black "Vargas, Mauricio"]
[WhiteFideId "9206655"]
[BlackFideId "4404572"]
[WhiteElo "1802"]
[BlackElo "2035"]
[Result "1-0"]
[Round "07"]
[TimeControl "180+2"]
[Date "2023.01.10"]
[WhiteClock "0:01:57"]
[BlackClock "0:00:34"]

1. e4 c5 2. Nf3 d6 3. d4 cxd4 4. Nxd4 Nf6 5. Nc3 g6 6. Be2 Bg7 7. O-O a6 8. Be3 O-O 9. h3 h6 10. Qd2 Kh7 11. a4 Nbd7 12. f4 b6 13. Bf3 Bb7 14. g4 Nc5 15. Qg2 Rc8 16. Rad1 e5 17. fxe5 dxe5 18. Ne6 Qe7 19. Nxf8+ Rxf8 20. g5 hxg5 21. Bxg5 Qc7 22. Nd5 Nxd5 23. exd5 Qd6 24. b3 f6 25. Be3 f5 26. h4 e4 27. Be2 Nd7 28. h5 gxh5 29. Bxh5 Rg8 30. Bf7 Rf8 31. Qh3+ Qh6 32. Bxh6 Bxh6 33. Qxf5+ Kg7 34. Qg6+ Kh8 35. Qxh6# 1-0


[Site "https://www.chess.com"]

[Event "Titled Tuesday Blitz January 10 Late 2023"]
[White "Zakhartsov, Vladimir"]
[Black "Andreikin, Dmitry"]
[WhiteFideId "4145097"]
[BlackFideId "4158814"]
[WhiteElo "2552"]
[BlackElo "2729"]
[Result "0-1"]
[Round "08"]
[TimeControl "180+2"]
[Date "2023.01.10"]
[WhiteClock "0:00:13"]
[BlackClock "0:00:49"]

1. c4 e6 2. d4 d5 3. Nf3 Nf6 4. Nc3 a6 5. cxd5 exd5 6. Bg5 Be6 7. e3 Nbd7 8. Bd3 h6 9. Bh4 Bd6 10. Rc1 O-O 11. Bg3 Bxg3 12. hxg3 Rc8 13. Ne2 c5 14. dxc5 Qa5+ 15. Qd2 Qxd2+ 16. Nxd2 Nxc5 17. Bb1 Nce4 18. Rxc8 Rxc8 19. Nxe4 dxe4 20. Kd2 Ng4 21. f3 exf3 22. gxf3 Ne5 23. Nd4 Nc4+ 24. Ke2 Nxb2 25. Nxe6 fxe6 26. Be4 b5 27. f4 Na4 28. Kf3 a5 29. Rd1 Nc3 30. Rd7 Nxa2 31. Bg6 Nc3 32. Bf7+ Kh8 33. Bxe6 Rb8 34. f5 b4 35. f6 gxf6 36. Kg4 b3 37. Kh5 b2 38. Kxh6 b1=Q 0-1


[Site "https://www.chess.com"]

[Event "Titled Tuesday Blitz January 10 Late 2023"]
[White "Xiong, Jeffery"]
[Black "Nakamura, Hikaru"]
[WhiteFideId "2047640"]
[BlackFideId "2016192"]
[WhiteElo "2692"]
[BlackElo "2775"]
[Result "1/2-1/2"]
[Round "08"]
[TimeControl "180+2"]
[Date "2023.01.10"]
[WhiteClock "0:01:29"]
[BlackClock "0:00:31"]

1. e4 g6 2. d4 Nf6 3. e5 Nd5 4. h4 h6 5. h5 g5 6. c4 Nb6 7. Nc3 d6 8. exd6 cxd6 9. Bd3 Bg7 10. Nge2 Nc6 11. d5 Ne5 12. b3 O-O 13. Bb2 e6 14. dxe6 Bxe6 15. Be4 Qe7 16. O-O f5 17. Bc2 Nc6 18. Re1 Qf7 19. Ng3 Be5 20. Rb1 Qg7 21. Nb5 Rad8 22. c5 dxc5 23. Qe2 Nd7 24. Nc7 Qf6 25. Nxe6 Qxe6 26. b4 Qf6 27. b5 Nd4 28. Bxd4 Bxd4 29. Nxf5 Ne5 30. Qe4 Rd7 31. Re2 Bc3 32. Rb3 Ba1 33. Rb1 Bc3 34. Rb3 Ba1 35. Rb1 Bc3 1/2-1/2


[Site "https://www.chess.com"]

[Event "Titled Tuesday Blitz January 10 Late 2023"]
[White "Paravyan, David"]
[Black "Fedoseev, Vladimir"]
[WhiteFideId "4194985"]
[BlackFideId "24130737"]
[WhiteElo "2601"]
[BlackElo "2680"]
[Result "1-0"]
[Round "08"]
[TimeControl "180+2"]
[Date "2023.01.10"]
[WhiteClock "0:00:05"]
[BlackClock "0:00:01"]

1. e4 e6 2. d4 d5 3. Nc3 Nf6 4. Bg5 dxe4 5. Nxe4 Be7 6. Nxf6+ Bxf6 7. Bxf6 Qxf6 8. Nf3 O-O 9. Qd3 Rd8 10. O-O-O c5 11. Qe4 Nc6 12. Bd3 Qh6+ 13. Kb1 cxd4 14. h4 Bd7 15. g4 Rac8 16. Ng5 Ne7 17. Qf3 Qf6 18. Bxh7+ Kf8 19. Qg3 Bc6 20. Rhe1 g6 21. f4 Nd5 22. f5 Ba4 23. Qa3+ Kg7 24. Qxa4 Ne3 25. Rc1 exf5 26. gxf5 Qxf5 27. Qb3 d3 28. cxd3 Rxd3 29. Qxf7+ Qxf7 30. Nxf7 Rxc1+ 31. Rxc1 Kxf7 32. h5 Rd1 33. Bxg6+ Kf6 34. Rxd1 Nxd1 35. Kc2 Ne3+ 36. Kd3 Nd5 37. Kd4 Nb4 38. a3 Nc6+ 39. Kd5 a5 40. Kc5 Ne5 41. Kb5 a4 42. Kxa4 Nc4 43. b4 b5+ 44. Kb3 Nd6 45. Kc3 1-0


[Site "https://www.chess.com"]

[Event "Titled Tuesday Blitz January 10 Late 2023"]
[White "Jobava, Baadur"]
[Black "Vachier-Lagrave, Maxime"]
[WhiteFideId "13601520"]
[BlackFideId "623539"]
[WhiteElo "2578"]
[BlackElo "2742"]
[Result "1-0"]
[Round "08"]
[TimeControl "180+2"]
[Date "2023.01.10"]
[WhiteClock "0:00:18"]
[BlackClock "0:00:12"]

1. b3 Nf6 2. Bb2 g6 3. Bxf6 exf6 4. c4 Bg7 5. Nc3 O-O 6. g3 f5 7. Bg2 d6 8. e3 Nd7 9. Nge2 Nf6 10. d4 h5 11. O-O h4 12. b4 Rb8 13. b5 Be6 14. Qd3 hxg3 15. hxg3 Ng4 16. Rac1 Qg5 17. Rfe1 Qh6 18. Nf4 Qh2+ 19. Kf1 g5 20. Nfd5 Rbe8 21. Nxc7 Rc8 22. N3d5 Kh8 23. Nxe6 fxe6 24. Ne7 f4 25. exf4 gxf4 26. gxf4 Rxf4 27. Ng6+ Kg8 28. Nxf4 Qxf4 29. Rc2 Rf8 30. Qe4 Qg3 31. Ree2 e5 32. Ke1 Qh4 33. c5 d5 34. Qxd5+ Kh8 35. c6 bxc6 36. bxc6 exd4 37. c7 Ne3 38. Rxe3 dxe3 39. c8=Q Qb4+ 40. Ke2 exf2 41. Qh5+ 1-0


[Site "https://www.chess.com"]

[Event "Titled Tuesday Blitz January 10 Late 2023"]
[White "Mosadeghpour, Masoud"]
[Black "Sevian, Samuel"]
[WhiteFideId "12519278"]
[BlackFideId "2040506"]
[WhiteElo "2472"]
[BlackElo "2684"]
[Result "1/2-1/2"]
[Round "08"]
[TimeControl "180+2"]
[Date "2023.01.10"]
[WhiteClock "0:00:30"]
[BlackClock "0:00:04"]

1. e4 c6 2. d4 d5 3. Nd2 dxe4 4. Nxe4 Bf5 5. Ng3 Bg6 6. Nh3 e6 7. Bc4 Bd6 8. O-O Nf6 9. Nf4 Nbd7 10. Re1 Qc7 11. Qf3 O-O-O 12. c3 Nb6 13. Bb3 Nbd5 14. Nxd5 cxd5 15. Bg5 Kb8 16. Rac1 Rc8 17. Nf1 Ne4 18. Be3 Qa5 19. Nd2 Nxd2 20. Bxd2 h5 21. Qe2 Qc7 22. h3 Bf4 23. c4 Bxd2 24. Qxd2 dxc4 25. Rxc4 Qd6 26. Rec1 Rxc4 27. Rxc4 Be4 28. Qg5 g6 29. Qf6 Rf8 30. Rc5 Bc6 31. Rg5 a6 32. d5 Bd7 33. dxe6 Bxe6 34. Bxe6 fxe6 35. Qe5 Qxe5 36. Rxe5 Rf6 37. g4 hxg4 38. hxg4 Kc7 39. Kg2 Kd6 40. Re4 e5 41. Kg3 Kd5 42. f3 Rc6 43. Re2 Rc1 44. Kh4 Rf1 45. Re3 Rf2 46. Rb3 b5 47. Kg5 Kc4 48. Kxg6 a5 49. Kf5 a4 50. Rc3+ Kd4 51. Ra3 e4 52. Kf4 b4 53. Re3 exf3 54. g5 Rxb2 55. Kxf3 Rb1 56. Re4+ Kc3 57. g6 Rf1+ 58. Kg2 Rf8 59. Kg3 Rg8 60. Rg4 b3 61. axb3 axb3 62. Kh4 b2 63. Rg3+ Kc2 64. Rg2+ Kb3 65. Rg1 Ka2 66. Kg5 Rc8 67. g7 b1=Q 68. Rxb1 Kxb1 69. Kf6 Rg8 70. Kg6 Rxg7+ 71. Kxg7 1/2-1/2


[Site "https://www.chess.com"]